 Dungeon Crawl Stone Soup version 0.29-a0-1027-gcd8c55af63 (webtiles) character file.

Game seed: 16459249180369899746

2879 Newt the Cleaver (level 9, -1/63 HPs)
             Began as a Demonspawn Gladiator on Aug 12, 2022.
             Was a Follower of Hepliaklqana.
             Slain by Grum
             ... wielding a +0 spear
              (18 damage)
             ... on level 8 of the Dungeon.
             The game lasted 00:10:00 (6768 turns).

Newt the Cleaver (Demonspawn Gladiator)             Turns: 6768, Time: 00:10:01

Health: -1/63      AC: 11    Str: 23    XL:     9   Next: 48%
Magic:  8/8        EV: 12    Int: 10    God:    Hepliaklqana [*.....]
Gold:   326        SH:  5    Dex: 14    Spells: 8/8 levels left

rFire   . . .      SeeInvis .   a - +0 war axe (venom)
rCold   . . .      Faith    .   (no shield)
rNeg    . . .      Spirit   .   i - +0 ring mail
rPois   +          Reflect  +   j - +2 helmet
rElec   .          Harm     .   (no cloak)
rCorr   .          Rampage  .   (no gloves)
Will    .....                   (no boots)
Stlth   +.........              r - amulet of Fallacy {Reflect Str+4 SH+5}
HPRegen 0.20/turn               w - ring of flight
MPRegen 0.22/turn               (no ring)

@: flying
A: reduced essence, hooves 2, magic regeneration, demonic touch 1, iridescent
scales 1, low MP 1, poison resistance
a: Renounce Religion, Recall Ancestor, Ancestor Identity


You were on level 8 of the Dungeon.
You worshipped Hepliaklqana.
Hepliaklqana was aware of your devotion.
You visited 1 branch of the dungeon, and saw 8 of its levels.

You collected 326 gold pieces.

Inventory:

Hand Weapons
 a - a +0 war axe of venom (weapon)
 l - a +0 broad axe
Missiles
 d - 5 throwing nets (quivered)
Armour
 b - a +0 leather armour
 c - a +0 helmet
 i - a +0 ring mail (worn)
 j - a +2 helmet (worn)
 z - a +0 leather armour of fire resistance
Jewellery
 m - an amulet of faith
 r - the amulet of Fallacy (around neck) {Reflect Str+4 SH+5}
   (You acquired it on level 6 of the Dungeon)

   [amulet of reflection]

   It reflects blocked missile attacks.
   Str:       It affects your strength (+4).
   SH:        It affects your SH (+5).
 w - a ring of flight (left hand)
 x - an amulet of magic regeneration
Wands
 p - a wand of roots (14)
Scrolls
 f - a scroll of teleportation
 g - a scroll of fog
 k - 2 scrolls of fear
 o - 3 scrolls of noise
 q - a scroll of poison
 s - a scroll of identify
 t - 2 scrolls of magic mapping
 y - a scroll of torment
Potions
 e - a potion of berserk rage {unknown}
 h - 4 potions of brilliance
 n - a potion of lignification
 u - a potion of degeneration
 v - a potion of curing


   Skills:
 + Level 6.9 Fighting
 * Level 8.7 Axes
 - Level 1.7 Throwing
 + Level 6.3 Armour
 - Level 2.6 Dodging


You had 8 spell levels left.
You didn't know any spells.
Your spell library contained the following spells:

 Spells                   Type           Power      Damage    Failure   Level
 Summon Small Mammal      Summ           0%         N/A       50%         1
 Call Canine Familiar     Summ           0%         N/A       86%         3
 Ozocubu's Armour         Ice            0%         N/A       86%         3
 Summon Guardian Golem    Hex/Summ       0%         N/A       86%         3
 Ozocubu's Refrigeration  Ice            0%         4d7       100%        7


Dungeon Overview and Level Annotations

Branches:
Dungeon (8/15)             Temple (0/1) D:6
   Lair: D:8-11

Altars:
Dithmenos
Fedhas
Hepliaklqana
Qazlal

Annotations:
D:8 Grum


Innate Abilities, Weirdness & Mutations

Your life essence is reduced to manifest your ancestor. (-10% HP)
You have hoof-like feet.
You regenerate magic rapidly.
Your touch may inflict minor irresistible damage on your foes.
You are partially covered in iridescent scales. (AC +2)
Your magical capacity is low. (-10% MP)
Your system is resistant to poisons. (rPois)


Message History

You slash the wolf!
You kill the wolf!
A wolf comes into view.
You block the wolf's attack. You block Grum's attack.
You barely miss the wolf. Your kick misses the wolf.
You touch the wolf!
The wolf is moderately wounded.
The wolf bites you but does no damage.
The white imp shouts, "Remove thy stench, thou horrid spur-galled bounder!"
Grum barely misses you. The wolf bites you!
You slash the wolf! You kick the wolf.
You kill the wolf!
Grum hits you from afar with a +0 spear.
The wolf barely misses you.
Xochitl misses the wolf.
You slice the wolf!!
The wolf looks as sick as possible!
Your kick misses the wolf.
The wolf is almost dead.
The wolf bites you.
Xochitl hits the wolf but does no damage.
Grum sniffs the air and quickly glances around.
The wolf bites you.
You slash the wolf!
You kill the wolf!
Xochitl hits the white imp.
You barely miss the white imp. You kick the white imp.
You kill the white imp!
You block Grum's attack.
You swap places.
Grum hits you with a +0 spear!
* * * LOW HITPOINT WARNING * * *
You hit Grum.
Grum is poisoned.
You kick Grum, but do no damage.
Grum is lightly wounded.
Grum hits you but does no damage. Grum closely misses you.
You slash Grum!
Grum looks as sick as possible!
You kick Grum, but do no damage.
Grum is heavily wounded.
Grum misses you.
You barely miss Grum. You kick Grum.
Grum is severely wounded.
Grum hits you with a +0 spear!!
You die...

# ####.#.###
#R@gh.....
#.##.#.#..
#.# # #.# .
.....
#.##.## ....
#.##..# #..#
#.###.###..#
#..........#
#..##.##...#


You could see the friendly Xochitl the ancestor, Grum (extremely poisoned, ally
target) and a wolf.

Vanquished Creatures
  Prince Ribbit (D:5)
  Sigmund (D:3)
  Duvessa (D:4)
  A water moccasin (D:8)
  A sky beast (D:7)
  An orc warrior (D:7)
  3 wolves (D:8)
  2 ogres
  2 phantoms
  A bullfrog (D:6)
  A kobold brigand (D:5)
  4 scorpions
  2 necrophages
  A wight (D:8)
  5 hounds
  A gnoll bouda (D:7)
  4 orc priests
  A jelly (D:5)
  Jessica (D:3)
  5 iguanas
  2 orc wizards
  Natasha (thrice) (D:3)
  Robin (D:3)
  5 adders
  11 gnolls
  A white imp (D:8)
  2 worms (D:4)
  10 orcs
  6 ball pythons
  3 endoplasms
  2 giant cockroaches
  16 goblins
  10 hobgoblins
  12 kobolds
  A quokka (D:1)
  10 bats
  2 frilled lizards (D:1)
  5 rats
141 creatures vanquished.

Vanquished Creatures (collateral kills)
  An orc warrior (D:7)
  Dowan (D:4)
  A hound (D:7)
3 creatures vanquished.

Vanquished Creatures (others)
  4 toadstools (D:1)
4 creatures vanquished.

Grand Total: 148 creatures vanquished

Notes
Turn   | Place    | Note
-------+----------+-------------------------------------------
     0 | D:1      | Newt the Demonspawn Gladiator began the quest for the Orb.
     0 | D:1      | Reached XP level 1. HP: 16/16 MP: 1/1
    34 | D:1      | Reached skill level 3 in Axes
    34 | D:1      | Gained mutation: You regenerate magic rapidly. [demonic
                  | ancestry]
    34 | D:1      | Reached XP level 2. HP: 23/23 MP: 2/2
   423 | D:1      | Gained mutation: You are clumsy. (Dex -2) [potion of
                  | mutation]
   635 | D:1      | Discovered your monstrous ancestry.
   635 | D:1      | Gained mutation: Your touch may inflict minor irresistible
                  | damage on your foes. [demonic ancestry]
   635 | D:1      | Reached XP level 3. HP: 23/28 MP: 3/3
  1549 | D:2      | Reached skill level 4 in Axes
  1549 | D:2      | Reached XP level 4. HP: 25/35 MP: 4/4
  1874 | D:3      | Found a faded altar of an unknown god.
  1883 | D:3      | Noticed Natasha
  1888 | D:3      | Killed Natasha
  1999 | D:3      | Reached XP level 5. HP: 39/41 MP: 5/5
  2006 | D:3      | Reached skill level 5 in Axes
  2190 | D:3      | Noticed Sigmund
  2210 | D:3      | Killed Sigmund
  2211 | D:3      | Reached XP level 6. HP: 24/47 MP: 6/6
  2299 | D:3      | Noticed Robin
  2310 | D:3      | Killed Robin
  2569 | D:3      | Noticed Jessica
  2569 | D:3      | Noticed Natasha
  2578 | D:3      | Killed Natasha
  2582 | D:3      | Killed Jessica
  2610 | D:3      | Noticed Natasha
  2617 | D:3      | Killed Natasha
  3138 | D:4      | Noticed Dowan
  3140 | D:4      | Noticed Duvessa
  3147 | D:4      | Killed Duvessa
  3148 | D:4      | Gained mutation: You have large cloven feet. [demonic
                  | ancestry]
  3148 | D:4      | Reached XP level 7. HP: 38/54 MP: 7/7
  3162 | D:4      | Killed Dowan
  3535 | D:4      | Lost mutation: You are clumsy. (Dex -2) [potion of
                  | mutation]
  3535 | D:4      | Gained mutation: You are weak. (Str -2) [potion of
                  | mutation]
  3707 | D:4      | Found a hazy altar of Hepliaklqana.
  3708 | D:4      | Found a shadowy altar of Dithmenos.
  3708 | D:4      | Noticed a shadow
  3717 | D:4      | Became a worshipper of Hepliaklqana the Forgotten
  4124 | D:5      | Entered Level 5 of the Dungeon
  4125 | D:5      | Noticed Prince Ribbit
  4132 | D:5      | Killed Prince Ribbit
  4133 | D:5      | Reached skill level 5 in Fighting
  4133 | D:5      | Reached skill level 6 in Axes
  4133 | D:5      | Reached XP level 8. HP: 21/62 MP: 8/8
  4623 | D:5      | Reached skill level 5 in Armour
  5076 | D:5      | Reached skill level 7 in Axes
  5597 | D:6      | Identified a scroll of acquirement
  5597 | D:6      | Acquired the amulet of Fallacy {Reflect Str+4 SH+5}
  5671 | D:6      | Reached * piety under Hepliaklqana
  5713 | D:6      | Found a staircase to the Ecumenical Temple.
  6118 | D:7      | Gained mutation: You have hoof-like feet. [demonic
                  | ancestry]
  6118 | D:7      | Reached XP level 9. HP: 57/62 MP: 9/9
  6221 | D:7      | Found a stormy altar of Qazlal.
  6228 | D:7      | Found a blossoming altar of Fedhas.
  6234 | D:7      | Reached skill level 8 in Axes
  6613 | D:7      | Noticed a two-headed ogre
  6740 | D:8      | Lost mutation: You are weak. (Str -2) [potion of mutation]
  6740 | D:8      | Gained mutation: Your system is resistant to poisons.
                  | (rPois) [potion of mutation]
  6740 | D:8      | Gained mutation: You are partially covered in iridescent
                  | scales. (AC +2) [potion of mutation]
  6740 | D:8      | Gained mutation: Your magical capacity is low. (-10% MP)
                  | [potion of mutation]
  6752 | D:8      | Noticed Grum
  6768 | D:8      | Slain by Grum

Illustrated notes

Levels and vault maps discovered:
D:1:      ldierk_walled_garden_2, layout_basic, minmay_tetromino_t2
D:2:      layout_rooms
D:3:      layout_basic, basic_ecumenical_altar, uniq_jessica, uniq_sigmund,
          uniq_robin, uniq_natasha
D:4:      layout_basic, riverfiend_overflow_shadow_ancestor, uniq_duvessa
D:5:      layout_basic, uniq_prince_ribbit1
D:6:      layout_cave_pools, minmay_temple_entry_overgrown
D:7:      layout_rooms, grunt_temple_overflow_forces_of_nature,
          jmf_multi_god_temple, serial_corexii_hall, corexii_hall_statues_s,
          corexii_hall_statues_i
D:8:      layout_loops_ring, nicolae_wu_jian_immortal_techniques, uniq_grum,
          uniq_amaemon

Skill      XL: |  1  2  3  4  5  6  7  8  9 |
---------------+----------------------------+-----
Axes           | 3 4 5 6 7 8 |  8.7
Fighting       | 3 4 5 6 |  6.9
Armour         | 2 3 4 5 6 |  6.3
Throwing       | |  1.7
Dodging        | |  2.6

Action                   |  1- 3 |  4- 6 |  7- 9 || total
-------------------------+-------+-------+-------++-------
Melee: War axe           |    76 |    84 |   175 ||   335
       Punch             |     3 |       |     3 ||     6
       Touch             |     6 |    10 |    37 ||    53
       Kick              |       |       |    56 ||    56
Throw: Throwing net      |       |       |     3 ||     3
       Javelin           |       |       |     1 ||     1
  Use: Scroll            |     4 |     7 |     6 ||    17
       Potion            |     1 |     1 |     8 ||    10
 Stab: Sleeping          |     1 |       |       ||     1
       Distracted        |       |       |     1 ||     1
Armor: Leather armour    |    36 |       |       ||    36
       Ring mail         |       |    33 |    71 ||   104
Dodge: Dodged            |    61 |    58 |    90 ||   209
Block: Other             |       |       |    17 ||    17

Table legend: (Time is in decaauts)
 A = Elapsed time spent in this place.
 B = Non-inter-level travel time spent in this place.
 C = Inter-level travel time spent in this place.
 D = Time resting spent in this place.
 E = Time spent auto-exploring this place.
 F = Levels seen in this place.
 G = Mean time per level.
                   A        B        C        D        E       F      G
               +--------+--------+--------+--------+--------+-----+--------+
         Total |   6839 |   6664 |    175 |   1664 |   4125 |   8 |  854.9 |
       Dungeon |   6839 |   6664 |    175 |   1664 |   4125 |   8 |  854.9 |
               +--------+--------+--------+--------+--------+-----+--------+

Top non-repeatable levels by time:
     D:5: 1399 daAuts
     D:3: 1189 daAuts
     D:4: 1096 daAuts
     D:1: 973 daAuts
     D:2: 918 daAuts
     D:6: 596 daAuts
     D:7: 513 daAuts
     D:8: 151 daAuts
